 Dungeon Crawl Stone Soup version 0.24.0-125-gc4c63601f3 (webtiles) character file.

Game seed: 15401831917693805719, levelgen mode: deterministic

299958 Maplein the Brawler (level 20, -3/211 HPs)
             Began as a Troll Monk on Mar 15, 2020.
             Was the Champion of Makhleb.
             Killed from afar by a spriggan air mage (6 damage)
             ... with a bolt of lightning
             ... in a wizard's laboratory on Mar 16, 2020.
             The game lasted 03:40:19 (40413 turns).

Maplein the Brawler (Troll Monk)                   Turns: 40413, Time: 03:40:19

Health: -3/211     AC:  9    Str: 30    XL:     20   Next: 16%
Magic:  28/28      EV: 18    Int:  6    God:    Makhleb [******]
Gold:   1342       SH: 15    Dex: 22    Spells: 20/21 levels left

rFire    + . .     SeeInvis +     - Unarmed
rCold    + . .     Gourm    +   t - +2 shield "Duezuem" {*Corrode rPois Dex+10 SInv}
rNeg     + + .     Faith    .   k - +1 robe of Ashenzari's Whim {rElec rC+}
rPois    +         Spirit   .   r - +2 hat
rElec    +         Reflect  .   K - scarf {cloud immunity}
rCorr    +         Harm     .   (gloves unavailable)
MR       +....                  (boots unavailable)
Stlth    ++........             D - amulet of the acrobat
HPRegen  0.85/turn              T - ring "Felodoz" {rPois rN++ rCorr}
MPRegen  0.21/turn              c - ring of protection from fire

@: lethally poisoned (-3 -> -6), slowed, very slow
A: large, unfitting armour, claws 3, fast metabolism 3, gourmand, regeneration
1, shaggy fur 1, tough skin 3
}: 2/15 runes: decaying, gossamer
a: Minor Destruction, Lesser Servant of Makhleb, Major Destruction, Greater
Servant of Makhleb, Renounce Religion


You were in a wizard's laboratory.
You worshipped Makhleb.
Makhleb was exalted by your worship.
You were not hungry.

You visited 8 branches of the dungeon, and saw 37 of its levels.
You also visited: Wizlab.

You collected 4331 gold pieces.
You spent 2989 gold pieces at shops.

Inventory:

Missiles
 a - 24 silver javelins
 h - 1047 stones
 o - 31 boomerangs (quivered)
 J - 62 large rocks
 N - 5 javelins
 O - 2 datura-tipped darts
Armour
 g - a scarf of spirit shield
 j - a +0 shield of reflection
 k - the +1 robe of Ashenzari's Whim (worn) {rElec rC+}
   (You bought it in a shop on level 2 of the Orcish Mines)

   It protects you from cold.
   It insulates you from electricity.
 r - a +2 hat (worn)
 t - the +2 shield "Duezuem" (worn) {*Corrode rPois Dex+10 SInv}
   (You found it on level 2 of the Lair of Beasts)

   It affects your dexterity (+10).
   It protects you from poison.
   It lets you see invisible.
   It may corrode you when you take damage.
 K - a scarf of cloud immunity (worn)
Jewellery
 c - a ring of protection from fire (right claw)
 D - an amulet of the acrobat (around neck)
 F - an uncursed ring of protection from cold
 M - a +6 ring of dexterity
 T - the ring "Felodoz" (left claw) {rPois rN++ rCorr}
   (You acquired it on level 4 of the Spider Nest)

   [ring of resist corrosion]

   It protects you from poison.
   It greatly protects you from negative energy.
   It provides partial protection from all sources of acid and corrosion.
 W - an uncursed ring of protection from magic
Wands
 s - a wand of clouds (5)
 z - a wand of polymorph (30)
 E - a wand of flame (23)
 I - a wand of acid (1)
 L - a wand of iceblast (45)
 R - a wand of digging (5)
Scrolls
 d - 3 scrolls of blinking
 e - 7 scrolls of teleportation
 i - 6 scrolls of remove curse {@r2}
 x - 10 scrolls of fog
 y - 7 scrolls of immolation
 C - 8 scrolls of fear
 G - 2 scrolls of holy word
 H - 5 scrolls of identify {@r1}
 S - 4 scrolls of magic mapping
 X - 5 scrolls of enchant armour
Potions
 f - 5 potions of brilliance
 l - 5 potions of magic
 m - 5 potions of might
 n - 6 potions of ambrosia
 p - 4 potions of cancellation
 q - 6 potions of flight
 v - a potion of invisibility
 w - 7 potions of resistance
 A - 6 potions of mutation
 B - 15 potions of agility
 P - 3 potions of heal wounds
 Q - 7 potions of haste
 U - 17 potions of curing {@q1}
 V - 4 potions of berserk rage
Miscellaneous
 u - a box of beasts
 Y - a lightning rod (4/4)
Comestibles
 b - 61 rations


   Skills:
 + Level 15.4 Fighting
 + Level 9.0 Throwing
 + Level 10.1 Armour
 + Level 10.0 Dodging
 - Level 2.0 Stealth
 - Level 9.0 Shields
 + Level 19.0 Unarmed Combat
 - Level 1.0 Spellcasting
 - Level 3.0 Necromancy
 - Level 12.0 Invocations
 - Level 5.0 Evocations


You had 20 spell levels left.
You knew the following spells:

 Your Spells              Type           Power        Failure   Level  Hunger
a - Animate Skeleton      Necr           N/A          13%         1    ##.....

Your spell library contained the following spells:

 Spells                   Type           Power        Failure   Level  Hunger
 Pain                     Necr           #...         13%         1    ##.....
 Vampiric Draining        Necr           #.........   36%         3    ####...
 Apportation              Tloc           #.....       41%         1    ##.....
 Confusing Touch          Hex            #.....       41%         1    ##.....
 Flame Tongue             Conj/Fire      #....        41%         1    ##.....
 Freeze                   Ice            #...         41%         1    ##.....
 Infusion                 Chrm           #...         41%         1    ##.....
 Magic Dart               Conj           #...         41%         1    ##.....
 Sting                    Conj/Pois      #...         41%         1    ##.....
 Summon Small Mammal      Summ           #...         41%         1    ##.....
 Poisonous Vapours        Pois/Air       #.....       56%         2    ###....
 Searing Ray              Conj           #.....       56%         2    ###....
 Shroud of Golubria       Chrm/Tloc      #.....       56%         2    ###....
 Song of Slaying          Chrm           #.......     56%         2    ###....
 Throw Flame              Conj/Fire      #.....       56%         2    ###....
 Throw Frost              Conj/Ice       #.....       56%         2    ###....
 Regeneration             Chrm/Necr      #.........   58%         3    ####...
 Animate Dead             Necr           N/A          77%         4    #####..
 Conjure Flame            Conj/Fire      #.......     80%         3    ####...
 Dazzling Spray           Conj/Hex       #.....       80%         3    ####...
 Inner Flame              Hex/Fire       #.......     80%         3    ####...
 Mephitic Cloud           Conj/Pois/Air  #.......     80%         3    ####...
 Ozocubu's Armour         Chrm/Ice       #.......     80%         3    ####...
 Recall                   Summ/Tloc      N/A          80%         3    ####...
 Spectral Weapon          Hex/Chrm       #.......     80%         3    ####...
 Force Lance              Conj/Tloc      #.......     99%         4    #####..
 Fulminant Prism          Conj/Hex       #.........   99%         4    #####..
 Iskenderun's Mystic Bla  Conj           #.......     99%         4    #####..
 Olgreb's Toxic Radiance  Pois           #.......     99%         4    #####..
 Sticky Flame             Conj/Fire      #.......     99%         4    #####..
 Summon Ice Beast         Ice/Summ       #.......     99%         4    #####..
 Throw Icicle             Conj/Ice       #.......     99%         4    #####..
 Borgnjor's Vile Clutch   Necr/Erth      #.........   100%        5    ######.
 Fireball                 Conj/Fire      #.........   100%        5    ######.
 Irradiate                Conj/Tmut      #.........   100%        5    ######.
 Venom Bolt               Conj/Pois      #.........   100%        5    ######.
 Death Channel            Necr           #.........   100%        6    #######
 Hydra Form               Tmut           #.........   100%        6    #######
 Simulacrum               Ice/Necr       #.........   100%        6    #######
 Statue Form              Tmut/Erth      #........    100%        6    #######
 Dragon Form              Tmut           #.........   100%        7    #######


Dungeon Overview and Level Annotations

Branches:
Dungeon (15/15)            Temple (0/1) D:7            Lair (6/6) D:9
  Swamp (4/4) Lair:2       Spider (4/4) Lair:2        Slime (0/5) Lair:5
    Orc (2/2) D:9             Elf (1/3) Orc:2        Vaults (4/5) D:14
  Crypt (0/3) Vaults:3     Depths (1/5) D:15         WizLab (1/1)

Altars:
Ashenzari
Dithmenos
Elyvilon
Fedhas
Gozag
Makhleb
Okawaru
Ru
Trog
Vehumet
Xom
The Shining One
Beogh

Shops:
D:5 %   D:7 :   Orc:1 [   Orc:2 %[[(   Vaults:1 :%*   Vaults:2 ?   Vaults:3 ?
Depths:1 !(

Portals:
Hell: Depths:1

Annotations:
Swamp:4 Mara


Innate Abilities, Weirdness & Mutations

You are too large for most types of armour.
You have claws for hands.
Your metabolism is lightning-fast.
You like to eat raw meat.
Your natural rate of healing is unusually fast.
You are covered in fur. (AC +1)
You have extremely tough skin. (AC +3)


Message History

The foul vapour engulfs you!
You are poisoned.
You feel your flesh rotting away!
You feel yourself slow down.
* * * LOW HITPOINT WARNING * * *
The spriggan air mage waves its arms in wide circles.
The air twists around and strikes you!!
* * * LOW HITPOINT WARNING * * *
You feel much better.
You feel very sick. The death drake closely misses you.
The death drake bites you!
* * * LOW HITPOINT WARNING * * *
The wind drake flaps its wings at you. The air twists around and strikes you!!
* * * LOW HITPOINT WARNING * * *
Your orange demon closely misses the death drake.
The spriggan air mage gestures at you while chanting.
The bolt of lightning hits the death drake!
The bolt of lightning misses you. The bolt of lightning hits you. You resist.
You die...

≈≈≈≈≈≈≈≈≈≈≈≈≈≈≈≈≈≈≈≈≈≈
≈≈≈≈≈≈≈≈≈≈≈≈≈≈≈≈≈≈≈≈≈≈≈≈≈
≈≈≈≈≈≈≈≈≈≈≈≈≈≈≈≈≈≈≈≈≈≈≈≈≈≈
≈≈≈≈≈≈≈≈≈≈≈≈≈≈≈≈≈≈≈≈≈≈≈≈≈≈
≈≈≈≈≈≈≈≈≈≈≈≈≈≈≈≈≈≈≈≈≈≈≈≈≈≈≈
≈≈≈≈≈≈≈≈≈≈≈≈###############
≈≈≈≈≈≈≈≈≈≈###..............
≈≈≈≈≈≈≈≈###○..≈≈≈≈≈≈≈≈≈≈≈≈≈
≈≈≈≈≈≈≈##○@○4≈≈############
≈≈≈≈≈≈≈#○○kk≈≈≈# ## ##
≈≈≈≈≈≈##○○≈○≈≈≈##§§#..#
≈≈≈≈≈≈#..≈≈≈≈k≈#§§§§...
≈≈≈≈≈##.≈≈≈≈≈≈≈#§§§§...
≈≈≈≈≈#..≈≈≈≈≈≈i#.°§§...
≈≈≈≈≈#.......4i§§......
≈≈≈≈≈#..≈≈≈≈Z≈≈#§§§....
≈≈≈≈≈##.≈≈≈≈≈≈≈#i.§§...


You could see 2 death drakes, a wind drake, 2 spriggan air magi, 2 friendly
orange demons and a friendly shock serpent skeleton.

Vanquished Creatures
  the Lernaean hydra (Swamp:4)
  A lich (Vaults:2)
  An ancient champion (Vaults:3)
  A sphinx (Vaults:4)
  Roxanne (Swamp:2)
  2 thorn hunters
  Agnes (Elf:1)
  A storm dragon (Vaults:4)
  5 ghost moths
  An orc warlord (D:14)
  A frost giant (Depths:1)
  7 vault wardens
  6 emperor scorpions
  A deep elf elementalist (Elf:1)
  6 very ugly things
  7 ironheart preservers
  2 entropy weavers (Vaults:3)
  4 stone giants
  Nessos (Orc:1)
  2 vampire knights
  A deep elf demonologist (Vaults:3)
  3 spark wasps (WizLab)
  A deep elf death mage (Vaults:3)
  The ghost of Karasm the Basher, a journeyman GrGl of Qazlal (D:14)
  A merfolk javelineer (D:14)
  2 blizzard demons (WizLab)
  Fannar (D:10)
  5 yaktaur captains
  A fire dragon (Vaults:2)
  A merfolk impaler (D:13)
  5 great orbs of eyes
  Erolcha (Orc:2)
  A deep elf high priest (Elf:1)
  10 hydras
  13 ogre magi
  2 catoblepae
  6 vault guards
  2 rakshasas
  5 ice dragons
  4 ghost crabs (WizLab)
  A shambling mangrove (Swamp:1)
  11 centaur warriors
  2 death knights
  8 alligators
  4 death yaks (Lair:2)
  36 two-headed ogres
  4 dancing weapons (Elf:1)
  A tengu warrior (D:14)
  A queen ant (Lair:2)
  3 shock serpents (WizLab)
  9 deep elf knights
  Nergalle (D:10)
  5 skeletal warriors
  A death drake (WizLab)
  A fire crab (shapeshifter) (D:14)
  An unseen horror (D:14)
  3 swamp dragons (Swamp:4)
  5 deep trolls
  A glowing orange brain (Vaults:4)
  A necromancer (D:14)
  15 deep elf archers
  11 ironbrand convokers
  3 phantasmal warriors
  A harpy (shapeshifter) (Vaults:3)
  19 ugly things
  4 harpies
  33 deep elf magi
  Pikel (D:7)
  13 orc knights
  24 wolf spiders
  An orc sorcerer (Elf:1)
  A manticore (D:15)
  A salamander (D:15)
  12 orb spiders
  11 cyclopes
  A guardian serpent (shapeshifter) (Vaults:3)
  4 moths of wrath
  A water nymph (shapeshifter) (D:15)
  6 black mambas
  Psyche (D:10)
  2 apocalypse crabs (WizLab)
  2 torpor snails
  A guardian serpent (Lair:6)
  11 vault sentinels
  2 gargoyles (D:15)
  3 centaur skeletons (D:14)
  32 yaktaurs
  16 spiny frogs
  5 freezing wraiths
  11 demonic crawlers
  6 komodo dragons
  A meliai (D:14)
  9 polar bears (Lair:6)
  8 trolls
  A wind drake (WizLab)
  10 bog bodies
  25 jumping spiders
  4 tyrant leeches
  Prince Ribbit (Lair:2)
  A meliai (shapeshifter) (Vaults:1)
  15 hornets
  2 raiju (Lair:6)
  A blink frog (shapeshifter) (Vaults:2)
  16 slime creatures
  10 hippogriffs
  A dream sheep (Lair:6)
  11 blink frogs
  A centaur simulacrum (D:14)
  43 redbacks
  6 air elementals (WizLab)
  5 wraiths
  18 tarantellas
  11 wyverns
  22 yaks
  2 vampires
  A hog (shapeshifter) (D:13)
  A yak (shapeshifter) (Vaults:3)
  24 vampire mosquitoes
  A fire elemental (Elf:1)
  A hog (D:13)
  9 basilisks
  A human (D:13)
  A yaktaur simulacrum (Vaults:1)
  Menkaure (D:7)
  3 insubstantial wisps
  A soldier ant (shapeshifter) (Vaults:1)
  15 swamp worms
  5 wargs
  5 soldier ants
  3 acid dragons
  15 hell hounds
  22 water moccasins
  11 porcupines
  2 sky beasts
  A swamp drake (shapeshifter) (Vaults:4)
  9 swamp drakes
  3 ice beasts
  25 orc warriors
  3 slaves (D:7)
  16 black bears
  53 ogres
  3 phantoms
  An eye of draining (D:8)
  2 necrophages
  7 boggarts (Vaults:3)
  20 wolves
  18 centaurs
  13 crocodiles
  4 big kobolds
  15 bullfrogs
  A wyvern skeleton (D:14)
  5 scorpions
  12 killer bees
  5 wights (D:14)
  3 electric eels
  3 howler monkeys (D:11)
  3 crimson imps
  2 bullfrog zombies
  5 centaur zombies
  3 quasits
  3 jellies
  A bullfrog skeleton (D:12)
  10 orc priests
  4 hounds
  19 orc wizards
  5 iguanas
  Terence (D:3)
  25 worker ants
  2 worker ant zombies (D:10)
  2 howler monkey skeletons
  14 adders
  5 shadow imps
  An ufetubus (Vaults:1)
  7 oozes
  An adder skeleton (D:4)
  5 worms
  4 dart slugs
  9 leopard geckos
  68 orcs
  A bat zombie (D:1)
  10 giant cockroaches
  11 goblins
  10 hobgoblins
  15 jackals
  2 quokkas
  7 bats
  9 frilled lizards
  A giant cockroach zombie (D:1)
  30 kobolds
  A leopard gecko skeleton (D:4)
  7 rats
  A bush (Lair:5)
  A butterfly (D:7)
  A plant (Lair:6)
  A withered plant (D:15)
1346 creatures vanquished.

Vanquished Creatures (collateral kills)
  Bai Suzhen (Swamp:3)
  Donald (Vaults:1)
  2 ironheart preservers
  A yaktaur captain (Vaults:3)
  An ogre mage (Vaults:2)
  9 hydras
  A shambling mangrove (Swamp:1)
  3 alligators
  2 two-headed ogres
  A deep elf knight (Vaults:4)
  5 swamp dragons (Swamp:4)
  4 deep elf magi
  A salamander (shapeshifter) (Vaults:4)
  An ugly thing (Vaults:2)
  A spiny frog (Lair:2)
  A yaktaur (Vaults:4)
  3 hornets
  A tyrant leech (Swamp:4)
  2 slime creatures (Vaults:1)
  A bog body (Swamp:4)
  A redback (Vaults:3)
  An air elemental (WizLab)
  4 yaks
  A swamp worm (Swamp:3)
  4 insubstantial wisps
  A swamp drake (Swamp:4)
  An orc warrior (Vaults:2)
  A sky beast (D:6)
  An ogre (Vaults:3)
  A crocodile (Lair:4)
  A bullfrog (Lair:5)
  2 orcs
  5 briar patches (Swamp:3)
66 creatures vanquished.

Vanquished Creatures (others)
  A two-headed ogre (Orc:2)
  An air elemental (WizLab)
  A boggart (Vaults:3)
  18 fungi
  31 plants
52 creatures vanquished.

Grand Total: 1464 creatures vanquished

Notes
Turn   | Place    | Note
-------+----------+-------------------------------------------
     0 | D:1      | Maplein the Troll Monk began the quest for the Orb.
     0 | D:1      | Reached XP level 1. HP: 22/22 MP: 0/0
   105 | D:1      | Reached XP level 2. HP: 29/29 MP: 1/1
   258 | D:1      | Reached XP level 3. HP: 34/37 MP: 2/2
   712 | D:2      | You fall into a shaft and drop 1 floor!
   712 | D:3      | Found a burning altar of Makhleb.
   730 | D:3      | Became a worshipper of Makhleb the Destroyer
   730 | D:3      | Reached * piety under Makhleb
   730 | D:3      | Reached ** piety under Makhleb
   762 | D:3      | Reached skill level 4 in Unarmed Combat
   816 | D:2      | Reached XP level 4. HP: 29/45 MP: 3/3
  1148 | D:2      | Found a sacrificial altar of Ru.
  1285 | D:2      | Reached skill level 1 in Invocations
  1285 | D:2      | Reached XP level 5. HP: 54/54 MP: 4/4
  1788 | D:3      | Noticed Terence
  1792 | D:3      | Killed Terence
  2118 | D:3      | Reached XP level 6. HP: 62/62 MP: 4/6
  2130 | D:3      | Reached skill level 5 in Unarmed Combat
  2140 | D:3      | Reached *** piety under Makhleb
  2388 | D:4      | Found a white marble altar of Elyvilon.
  2625 | D:4      | Reached XP level 7. HP: 71/71 MP: 8/8
  2837 | D:5      | Entered Level 5 of the Dungeon
  2901 | D:5      | Found Luvoisaov's Food Shoppe.
  3313 | D:5      | Reached skill level 5 in Fighting
  3313 | D:5      | Reached skill level 6 in Unarmed Combat
  3651 | D:6      | Found a glowing golden altar of the Shining One.
  3672 | D:6      | Noticed a two-headed ogre
  3684 | D:6      | Killed a two-headed ogre
  3684 | D:6      | Reached XP level 8. HP: 37/81 MP: 3/9
  3817 | D:6      | Reached skill level 7 in Unarmed Combat
  4142 | D:6      | Found a blossoming altar of Fedhas.
  4157 | D:6      | Reached skill level 1 in Armour
  4483 | D:7      | Found a shimmering altar of Xom.
  4483 | D:7      | Noticed Menkaure
  4503 | D:7      | Killed Menkaure
  4503 | D:7      | Reached XP level 9. HP: 26/92 MP: 3/10
  4672 | D:7      | Found a shattered altar of Ashenzari.
  4747 | D:7      | Found a bloodstained altar of Trog.
  4748 | D:7      | Found Hasmunku's Book Shop.
  4857 | D:7      | Reached **** piety under Makhleb
  4910 | D:7      | Noticed Pikel
  4927 | D:7      | Killed Pikel
  4927 | D:7      | Reached skill level 8 in Unarmed Combat
  5037 | D:7      | Found a staircase to the Ecumenical Temple.
  5437 | D:8      | Found a shadowy altar of Dithmenos.
  5438 | D:8      | You fall into a shaft and drop 3 floors!
  5480 | D:10     | Entered Level 10 of the Dungeon
  5484 | D:10     | Reached skill level 9 in Unarmed Combat
  5502 | D:10     | Reached XP level 10. HP: 102/102 MP: 10/12
  5562 | D:9      | Reached ***** piety under Makhleb
  5636 | D:8      | Reached skill level 5 in Invocations
  6167 | D:9      | Found an opulent altar of Gozag.
  6297 | D:9      | Found a staircase to the Lair.
  6329 | D:9      | Found a staircase to the Orcish Mines.
  6401 | D:9      | Reached skill level 10 in Unarmed Combat
  6575 | Lair:1   | Entered Level 1 of the Lair of Beasts
  6755 | Lair:1   | Reached skill level 11 in Unarmed Combat
  6883 | Lair:1   | Noticed a spiny frog
  6900 | Lair:1   | Killed a spiny frog
  6918 | Lair:1   | Reached XP level 11. HP: 111/111 MP: 14/14
  7302 | Lair:2   | Reached skill level 12 in Unarmed Combat
  7438 | Lair:2   | Found a hole to the Spider Nest.
  7523 | Lair:2   | Noticed a queen ant
  7540 | Lair:2   | Killed a queen ant
  8089 | Lair:2   | Found a staircase to the Swamp.
  8157 | Lair:2   | Noticed Prince Ribbit
  8165 | Lair:2   | Killed Prince Ribbit
  8245 | Lair:2   | Got a pitted shield
  8247 | Lair:2   | Identified the +2 shield "Duezuem" {*Corrode rPois Dex+10
                  | SInv} (You found it on level 2 of the Lair of Beasts)
  8607 | Lair:2   | Noticed a death yak
  8608 | Lair:2   | Noticed a death yak
  8608 | Lair:2   | Noticed a death yak
  8639 | Lair:2   | Killed a death yak
  8688 | Lair:2   | Noticed a death yak
  8707 | Lair:2   | Killed a death yak
  8707 | Lair:2   | Reached skill level 1 in Shields
  8721 | Lair:2   | Killed a death yak
  8733 | Lair:2   | Killed a death yak
  8733 | Lair:2   | Reached XP level 12. HP: 86/122 MP: 15/15
  9325 | Lair:3   | Reached skill level 5 in Throwing
  9920 | Lair:4   | Reached skill level 5 in Armour
 10142 | Lair:4   | Noticed an eight-headed hydra
 10149 | Lair:4   | Killed an eight-headed hydra
 10299 | Lair:4   | Reached skill level 5 in Dodging
 10773 | Lair:5   | Found a staircase to the Slime Pits.
 11522 | Lair:6   | Entered Level 6 of the Lair of Beasts
 11620 | Lair:6   | Reached ****** piety under Makhleb
 11629 | Lair:6   | Noticed an eight-headed hydra
 11667 | Lair:6   | Reached skill level 13 in Unarmed Combat
 11746 | Lair:6   | Noticed a four-headed hydra
 11761 | Lair:6   | Killed a seven-headed hydra
 11789 | Lair:6   | Noticed a seven-headed hydra
 11797 | Lair:6   | Killed a ten-headed hydra
 12024 | Lair:6   | Reached XP level 13. HP: 131/131 MP: 16/16
 12589 | Lair:6   | Reached skill level 5 in Shields
 12631 | Lair:6   | Reached skill level 10 in Fighting
 13301 | Lair:6   | Reached skill level 14 in Unarmed Combat
 13832 | Swamp:1  | Entered Level 1 of the Swamp
 14231 | D:10     | Noticed Nergalle
 14238 | D:10     | Killed Nergalle
 14241 | D:10     | Noticed Psyche
 14254 | D:10     | Killed Psyche
 14332 | D:10     | Noticed Fannar
 14350 | D:10     | Killed Fannar
 15071 | D:11     | Reached XP level 14. HP: 144/144 MP: 17/17
 16736 | D:13     | Found a shimmering altar of Xom.
 17251 | D:14     | Found a runed translucent gate.
 17251 | D:14     | Found a runed translucent gate.
 17251 | D:14     | Found a runed translucent gate.
 17251 | D:14     | Noticed an orc warlord
 17252 | D:14     | Noticed Karasm's ghost (journeyman GrGl)
 17253 | D:14     | Found an iron altar of Okawaru.
 17780 | D:14     | Found the amulet of the Air {Inacc +Fly rElec EV+5 RMsl}
 17812 | D:14     | Reached skill level 15 in Unarmed Combat
 18631 | D:14     | Found a gate to the Vaults.
 18888 | D:15     | Entered Level 15 of the Dungeon
 19063 | D:15     | Reached XP level 15. HP: 156/156 MP: 18/18
 20124 | Swamp:1  | Noticed a thorn hunter
 20145 | Swamp:1  | Killed a thorn hunter
 20152 | Swamp:1  | Learned a level 1 spell: Animate Skeleton
 20888 | Swamp:2  | Reached skill level 1 in Necromancy
 20908 | Swamp:2  | Found a shimmering altar of Xom.
 21326 | Swamp:2  | Noticed Roxanne
 21797 | Swamp:2  | Killed Roxanne
 21797 | Swamp:2  | Reached skill level 16 in Unarmed Combat
 21797 | Swamp:2  | Reached skill level 1 in Spellcasting
 21871 | Swamp:3  | Noticed Bai Suzhen
 22054 | Spider:1 | Entered Level 1 of the Spider Nest
 23349 | Spider:2 | Noticed a ghost moth
 23364 | Spider:2 | Killed a ghost moth
 23588 | Spider:2 | Got a smoking copper amulet
 23880 | Spider:3 | Reached XP level 16. HP: 167/167 MP: 20/20
 24319 | Spider:3 | Identified the amulet "Cisherphy" {Spirit MR- Str+4 SInv}
                  | (You found it on level 2 of the Spider Nest)
 25074 | Orc:1    | Entered Level 1 of the Orcish Mines
 25074 | Orc:1    | Found Lozudec's Antique Armour Boutique.
 25146 | Orc:1    | Found a roughly hewn altar of Beogh.
 25198 | Orc:1    | Bought a thick robe for 171 gold pieces
 25209 | Orc:1    | Identified the cursed +0 robe of Dithmenos's Anger {*Drain
                  | Int+3 Dex+8} (You bought it in a shop on level 1 of the
                  | Orcish Mines)
 25553 | Orc:2    | Entered Level 2 of the Orcish Mines
 25553 | Orc:2    | Noticed Nessos
 25557 | Orc:2    | Found Mizuycketau's Food Shop.
 25564 | Orc:2    | Found Femon's Antique Armour Shoppe.
 25564 | Orc:2    | Found Beatipro's Weapon Boutique.
 25564 | Orc:2    | Found Goahecee's Antique Armour Shoppe.
 25580 | Orc:1    | Killed Nessos
 25802 | Orc:2    | Found a staircase to the Elven Halls.
 25819 | Orc:2    | Noticed Erolcha
 25848 | Orc:2    | Killed Erolcha
 26168 | Orc:2    | Bought a brightly glowing robe for 199 gold pieces
 26168 | Orc:2    | Bought an embroidered robe for 129 gold pieces
 26733 | Swamp:3  | Killed Bai Suzhen
 26861 | Swamp:3  | Noticed a thorn hunter
 26883 | Swamp:3  | Killed a thorn hunter
 27391 | Swamp:4  | Entered Level 4 of the Swamp
 27699 | Swamp:4  | Identified the cursed +1 robe of Ashenzari's Whim {rElec
                  | rC+} (You bought it in a shop on level 2 of the Orcish
                  | Mines)
 27838 | Swamp:4  | Noticed the 27-headed Lernaean hydra
 28116 | Swamp:4  | Noticed Mara
 28306 | Swamp:4  | Noticed Maplein's illusion
 28622 | Swamp:4  | Got a decaying rune of Zot
 28684 | Swamp:4  | Killed the 27-headed Lernaean hydra
 28684 | Swamp:4  | Reached XP level 17. HP: 35/178 MP: 6/22
 29084 | Spider:4 | Entered Level 4 of the Spider Nest
 29608 | Spider:4 | Paralysed by a hornet for 3 turns
 30204 | Spider:4 | Reached skill level 17 in Unarmed Combat
 30210 | Spider:4 | Got a gossamer rune of Zot
 30443 | Spider:4 | Identified a scroll of acquirement
 30444 | Spider:4 | Got an ancient bronze ring
 30446 | Spider:4 | Identified the ring "Felodoz" {rPois rN++ rCorr} (You
                  | acquired it on level 4 of the Spider Nest)
 30668 | Elf:1    | Entered Level 1 of the Elven Halls
 30725 | Elf:1    | Found a radiant altar of Vehumet.
 31327 | Elf:1    | Noticed Agnes
 31338 | Elf:1    | Killed Agnes
 32649 | D:14     | Reached skill level 1 in Evocations
 32696 | D:14     | Killed Karasm's ghost
 32747 | Vaults:1 | Entered Level 1 of the Vaults
 32939 | Vaults:1 | Found Haylasyxt's Assorted Antiques.
 32947 | Vaults:1 | Bought a scroll labeled IXIBRE KAISO for 30 gold pieces
 32947 | Vaults:1 | Bought a scroll of identify for 60 gold pieces
 32947 | Vaults:1 | Bought a potion of curing for 90 gold pieces
 32947 | Vaults:1 | Bought a potion of mutation for 240 gold pieces
 32947 | Vaults:1 | Bought a potion of agility for 120 gold pieces
 32947 | Vaults:1 | Bought a potion of flight for 90 gold pieces
 32947 | Vaults:1 | Bought a scroll of fear for 105 gold pieces
 32984 | Vaults:1 | Found Nuohened's Food Emporium.
 33119 | Vaults:1 | Reached XP level 18. HP: 189/189 MP: 21/23
 33248 | Vaults:1 | Noticed Donald
 33257 | Vaults:1 | Killed Donald
 33541 | Vaults:1 | Found Jear's Book Shop.
 34272 | Vaults:2 | Reached skill level 10 in Invocations
 34744 | Vaults:2 | Found Lafriohu's Magic Scroll Emporium.
 34753 | Vaults:2 | Bought a scroll of teleportation for 39 gold pieces
 34753 | Vaults:2 | Bought a scroll of teleportation for 39 gold pieces
 34753 | Vaults:2 | Bought a scroll of noise for 13 gold pieces
 34753 | Vaults:2 | Bought a scroll of fog for 26 gold pieces
 34753 | Vaults:2 | Bought a scroll of teleportation for 39 gold pieces
 34753 | Vaults:2 | Bought a scroll of identify for 26 gold pieces
 34753 | Vaults:2 | Bought a scroll of magic mapping for 45 gold pieces
 34804 | Vaults:2 | Noticed a lich
 34816 | Vaults:2 | Killed a lich
 34816 | Vaults:2 | Reached skill level 18 in Unarmed Combat
 36451 | Vaults:3 | Reached skill level 5 in Evocations
 36456 | Vaults:3 | Reached XP level 19. HP: 184/198 MP: 16/26
 36884 | Vaults:3 | Found Gyossuil's Magic Scroll Shop.
 36891 | Vaults:3 | Bought a scroll of teleportation for 69 gold pieces
 36891 | Vaults:3 | Bought a scroll of teleportation for 69 gold pieces
 36891 | Vaults:3 | Bought a scroll of fear for 80 gold pieces
 36891 | Vaults:3 | Bought a scroll of identify for 46 gold pieces
 36891 | Vaults:3 | Bought a scroll of identify for 46 gold pieces
 36891 | Vaults:3 | Bought a scroll of magic mapping for 80 gold pieces
 36891 | Vaults:3 | Bought a scroll of holy word for 172 gold pieces
 36891 | Vaults:3 | Bought a scroll of magic mapping for 80 gold pieces
 36891 | Vaults:3 | Bought a scroll of identify for 46 gold pieces
 37204 | Vaults:3 | Noticed a Tzitzimitl
 37428 | Vaults:3 | Reached skill level 15 in Fighting
 37448 | Vaults:3 | Found a staircase to the Crypt.
 39670 | Depths:1 | Entered Level 1 of the Depths
 39716 | D:15     | Reached XP level 20. HP: 210/210 MP: 22/27
 39736 | Depths:1 | Found Zobroang's Antique Weapon Shoppe.
 39736 | Depths:1 | Found Ecrev's Distillery.
 39752 | Depths:1 | Bought a potion of haste for 200 gold pieces
 39752 | Depths:1 | Bought a potion of curing for 60 gold pieces
 39752 | Depths:1 | Bought a potion of curing for 60 gold pieces
 39752 | Depths:1 | Bought 2 potions of curing for 120 gold pieces
 39752 | Depths:1 | Bought 2 potions of resistance for 400 gold pieces
 39771 | Depths:1 | Found a gateway to Hell.
 39789 | Depths:1 | Found a magical portal.
 39825 | WizLab   | Reached skill level 10 in Armour
 39851 | WizLab   | Reached skill level 10 in Dodging
 40398 | WizLab   | Reached skill level 19 in Unarmed Combat
 40413 | WizLab   | HP: 3/211 [wind drake/the air (18)]
 40413 | WizLab   | Killed from afar by a spriggan air mage

Levels and vault maps discovered:
D:1:      saegor_arrival_fortress, layout_basic
D:2:      layout_loops_cross, nicolae_ru_great_annihilating_truth
D:3:      cheibrodos_thug_alley, layout_basic, bloody_makhleb, first_ration,
          minmay_quantized, uniq_terence
D:4:      minmay_chambers_of_threes, layout_rooms, elyvilon_altar_4,
          kennysheep_cluttered_room
D:5:      layout_cave_pods, serial_shops, kennysheep_little_box,
          kennysheep_generic_room_8
D:6:      layout_gridville, fedhas_altar_2, tso_metal_star
D:7:      layout_loops_ring, trog_ov_bears_minmay, xom_butterflies,
          minmay_temple_entry_butterflies, serial_shops, shop, basic_altar,
          minmay_lizard_king, uniq_menkaure, uniq_pikel
D:8:      layout_basic, nicolae_dithmenos_through_a_glass_darkly
D:9:      layout_rooms, old_standard_altar, lair_entry_dummy, orc_0_dummy
D:10:     layout_gridville, uniq_psyche, uniq_fannar, uniq_nergalle
D:11:     layout_basic
D:12:     layout_stronghold
D:13:     nicolae_whirlpool, layout_long_grid, grunt_livestock, xom_teletrap_fun
D:14:     minmay_the_grid_3x2 [minmay_the_grid_fan,
          minmay_the_grid_stretched_grid, minmay_the_grid_small_cups,
          minmay_the_grid_tiny_cups, minmay_the_grid_minigrid_small,
          minmay_the_grid_prize_four_corners_diamond_b], layout_long_grid,
          hangedman_vaults_entry_quadrant_bands, nrook_mini_backslash,
          gammafunk_ghost_fury_of_okawaru, kennysheep_windowed_goal
D:15:     hangedman_depths_entry_try_elsewhere_first, layout_loops_ring,
          grunt_decor_cap, eino_small_chamber_without_monster,
          argonaut_gorgonesque
Lair:1:   layout_misc_corridors, lemuel_fruit_tree, grunt_megastairs_5,
          lemuel_fruit_fields
Lair:2:   layout_long_grid, nicolae_swamp_entry_splash_gauntlet,
          spider_nest_entry_a, minmay_another_anthill, uniq_prince_ribbit2
Lair:3:   layout_hall_layers, serial_bayou_shore_b
Lair:4:   layout_cave_pods, lemuel_old_faithful, grunt_megastairs_3,
          infiniplex_staircase_pool_2
Lair:5:   layout_misc_corridors, nicolae_slime_entry_slimehenge, serial_forest,
          infiniplex_forest_clump_curved, infiniplex_forest_lined_1,
          infiniplex_forest_straight_2, infiniplex_forest_corner_2
Lair:6:   hangedman_lair_caniforms_friends, layout_layer_cave,
          hangedman_lair_tendril_chambers
Swamp:1:  layout_falls_marsh, nicolae_swamp_trees_clearing
Swamp:2:  layout_falls_marsh, basic_altar, swamp_pool1, uniq_roxanne
Swamp:3:  layout_basic_swamp, serial_swamp_ruin, evilmike_swamp_ruin_rubble_1,
          evilmike_swamp_ruin_rubble_2, uniq_bai_suzhen
Swamp:4:  swamp_old_school, layout_basic_swamp, swamp_pool4,
          hangedman_swamp_pad, worms_lemuel, uniq_mara
Spider:1: layout_chambers
Spider:2: layout_spider_delve
Spider:3: layout_chambers
Spider:4: guppyfry_spider_rune, nicolae_spider_cling_ruins
Orc:1:    layout_diamond_mine, basic_altar, serial_shops, shop
Orc:2:    st_orc_ogre_mass, layout_caves, uniq_erolcha, uniq_nessos
Elf:1:    eino_elf_arrival_altar, layout_gridlike,
          kennysheep_underground_church, grunt_megastairs_4, uniq_agnes
Vaults:1: serial_ice_h, vaults_room_grunt_arrival_ludios, vaults_room_corners,
          hangedman_vaults_maws, vaults_room_door_ring,
          vaults_mumra_chevron_long, nicolae_vaults_stairing_the_circle,
          hangedman_vaults_cutoff, vaults_room_semicircle,
          hangedman_vaults_stagger, layout_vaults_big_room, serial_shops,
          nicolae_shop_waterfront, shop, nicolae_shop_overgrown_old_shop,
          uniq_donald
Vaults:2: vaults_standard_mumra_enter_the_diamond, st_lattice,
          vaults_room_corners, serial_ice_b, v_misc_9, vaults_mumra_minichess,
          v_misc_32, ontoclasm_vaults_bender, v_misc_33, v_misc_22,
          vaults_dpeg_diagonal, ontoclasm_vaults_misaligned, layout_vaults_maze,
          serial_shops, nicolae_shop_temple_entry_statues_fountains
Vaults:3: minmay_crypt_entry_simple_walls, v_misc_1, ontoclasm_vaults_eye,
          v_misc_29, hangedman_vaults_capsules,
          nicolae_vaults_twisting_passages, v_misc_23, hangedman_vaults_trim,
          layout_vaults_omnicross, serial_shops, shop_fountains
Vaults:4: nicolae_vaults_little_squares_6, hangedman_vaults_variations,
          ontoclasm_vaults_hangar, vaults_dpeg_encased_lava, v_misc_30,
          ontoclasm_vaults_gateway, vaults_dpeg_ring, vaults_room_hallway,
          layout_vaults_omnigrid
Depths:1: layout_cave_shapes, serial_shops, shop, abyss_entry,
          infiniplex_enter_wizlab_water, pf_coc_iceberg, enter_trove_2,
          hangedman_glass_teeth, grunt_tower_of_power, minmay_shoptagon
WizLab:   wizlab_cloud

Skill      XL: |  1  2  3  4  5  6  7  8  9 10 11 12 13 14 15 16 17 18 19 20 |
---------------+-------------------------------------------------------------+-----
Fighting       | 3 4 5 6 7 8 9 10 12 13 14 15 | 15.4
Unarmed Combat | 4 5 6 7 9 11 12 13 14 15 16 17 18 19 | 19.0
Invocations    | 1 2 3 4 6 8 9 10 11 12 | 12.0
Dodging        | 3 4 5 6 8 9 10 | 10.0
Throwing       | 2 3 4 6 8 9 |  9.0
Armour         | 2 3 4 6 8 9 10 | 10.1
Shields        | 1 4 6 8 9 |  9.0
Necromancy     | 2 3 |  3.0
Spellcasting   | 1 |  1.0
Evocations     | 1 5 |  5.0
Stealth        | 2 |  2.0

Action                   |  1- 3 |  4- 6 |  7- 9 | 10-12 | 13-15 | 16-18 | 19-21 || total
-------------------------+-------+-------+-------+-------+-------+-------+-------++-------
Melee: Unarmed           |   106 |   160 |   301 |   645 |  1581 |  1781 |   649 ||  5223
       Punch             |     3 |     5 |    10 |    13 |       |       |       ||    31
Throw: Stone             |       |     9 |     2 |    69 |    80 |   101 |       ||   261
       Dart              |       |       |       |     7 |     3 |       |       ||    10
       Javelin           |       |       |       |       |    14 |       |       ||    14
       Large rock        |       |       |       |       |    11 |       |       ||    11
       Boomerang         |       |       |       |       |       |    55 |    10 ||    65
 Cast: Animate Skeleton  |       |       |       |       |     5 |    85 |    58 ||   148
Invok: Minor Destruction |       |       |     3 |     1 |     1 |       |       ||     5
       Lesser Servant of |       |       |     2 |     7 |     8 |    23 |     2 ||    42
       Major Destruction |       |       |       |       |     8 |    10 |       ||    18
       Greater Servant o |       |       |       |       |     1 |     4 |       ||     5
Evoke: Wand              |       |       |       |       |     1 |     3 |       ||     4
  Use: Scroll            |       |     4 |    11 |     6 |     9 |    20 |     2 ||    52
       Potion            |       |       |       |     3 |       |     3 |     5 ||    11
 Stab: Sleeping          |     1 |     2 |     3 |     6 |    21 |     5 |     8 ||    46
       Distracted        |       |       |     1 |     3 |     6 |    16 |     5 ||    31
       Invisible         |       |       |       |     2 |       |     3 |       ||     5
       Confused          |       |       |       |       |       |     2 |       ||     2
  Eat: Chunk             |    13 |    10 |    29 |    57 |    96 |   116 |    33 ||   354
       Ration            |       |       |     1 |     1 |     2 |     3 |       ||     7
Armor: Robe              |    36 |    72 |   112 |   132 |   131 |   109 |    39 ||   631
       Troll leather arm |       |       |       |       |    73 |    17 |       ||    90
Dodge: Dodged            |    47 |    64 |   165 |   222 |   764 |   971 |   306 ||  2539
       Deflected         |       |       |       |       |    23 |    50 |       ||    73
Block: Shield            |       |       |       |   160 |  1054 |  1205 |   429 ||  2848
